AoeStats
← Tetractus

Arena

508926798Analyzed
2v2 RM · 8d ago on Sep 24, 2026· 48m 53s· 4 players
Game mode
Random Map
Map size
Medium (4 player)
Population
200
Speed
Normal
Resources
Standard
Victory
Conquest
Starting age
Dark Age
Ending age
Imperial Age
RankedLock teamsTeams togetherTeam positionsShared explorationLock speedFull tech treeHidden civsTurbo modeCheats
Victory
Defeat
🇨🇭 Ethiopians · Switzerland
1112
+14
🇩🇪 Vietnamese · Germany
933
+22
🇵🇷 Turks · Puerto Rico
1065
-18
🇪🇸 Spanish · Spain
1065
-18
Babulus
10:26 Feudal Age
14:47 Castle Age
15:21 Loom
24:16 Arson
29:30 Town Watch
29:45 Double-Bit Axe
29:41 Horse Collar
30:48 Fletching
31:48 Wheelbarrow
32:01 Elite Skirmisher
32:47 Thumb Ring
34:15 Bodkin Arrow
34:21 Padded Archer Armor
37:23 Imperial Age
35:39 Scale Mail Armor
36:01 Fortified Wall
36:41 Forging
38:36 Iron Casting
39:11 Chemistry
38:21 Padded Archer Armor
40:22 Blast Furnace
41:13 Conscription
40:45 Imperial Skirmisher
44:09 Bodkin Arrow
44:30 Leather Archer Armor
45:19 Gold Mining
45:23 Stone Mining
45:56 Heavy Plow
46:07 Bow Saw
45:39 Capped Ram
49:21 Town Patrol
Heftilus
12:19 Feudal Age
12:36 Feudal Age
17:16 Castle Age
15:36 Horse Collar
15:43 Double-Bit Axe
18:41 Bow Saw
18:33 Heavy Plow
27:09 Imperial Age
24:56 Gold Mining
25:13 Fletching
28:18 Stone Mining
28:03 Elite Rattan Archer
30:10 Chemistry
30:10 Wheelbarrow
29:21 Loom
29:24 Town Watch
30:43 Stone Shaft Mining
31:09 Hand Cart
32:25 Bodkin Arrow
32:37 Town Patrol
33:03 Padded Archer Armor
33:23 Thumb Ring
33:51 Crop Rotation
34:23 Two-Man Saw
34:52 Squires
34:38 Arson
36:01 Ballistics
35:07 Elite Skirmisher
36:45 Paper Money
36:28 Bracer
36:47 Leather Archer Armor
36:14 Imperial Skirmisher
38:44 Fortified Wall
38:43 Siege Engineers
39:32 Ring Archer Armor
40:32 Hoardings
40:33 Forging
40:32 Scale Barding Armor
42:01 Iron Casting
41:48 Chain Barding Armor
41:27 Murder Holes
42:37 Masonry
43:24 Plate Barding Armor
42:13 Pikeman
44:32 Treadmill Crane
45:19 Halberdier
46:03 Husbandry
46:14 Bloodlines
46:06 Chatras
46:10 Guard Tower
46:05 Arrowslits
46:40 Bombard Tower
46:25 Scale Mail Armor
Buonarroti
5:57 Loom
12:38 Feudal Age
15:02 Horse Collar
19:09 Castle Age
22:57 Fletching
28:56 Double-Bit Axe
37:51 Wheelbarrow
37:09 Town Watch
41:21 Imperial Age
41:27 Imperial Age
41:35 Imperial Age
Tetractus
11:44 Feudal Age
18:14 Castle Age
16:29 Double-Bit Axe
16:33 Loom
17:59 Stone Mining
22:23 Bow Saw
22:14 Fletching
22:26 Padded Archer Armor
22:35 Squires
22:57 Thumb Ring
24:28 Leather Archer Armor
24:54 Wheelbarrow
24:09 Horse Collar
25:19 Gold Mining
26:17 Heavy Plow
28:09 Hand Cart
31:14 Ballistics
33:10 Town Watch
36:14 Imperial Age
35:58 Stone Shaft Mining
37:02 Town Patrol
38:41 Chemistry
37:52 Fortified Wall
37:07 Elite Skirmisher
40:34 Ring Archer Armor
40:01 Bodkin Arrow
44:23 Bracer
Connection lost

Rejoining the realm…

Still unreachable

The connection could not be restored.

Session expired

The server has moved on; the page needs a fresh start.